Map: Last Fantasy LE

Players

ManlyManMeat - Winner!

  • Race: Zerg Zerg
  • Spawn Location: 12:00

Fabien

  • Race: Terran Terran
  • League: Gold
  • Spawn Location: 7:00

VOD

Have the link to the VOD?

Description

Time

  • Played on: May 16, 2025, 11:19 a.m.
  • Length: 47:07
Show
View Real Time Build Order
Export as new Build Order

ManlyManMeat Zerg - Winner!

Build Orders: Hatch First 

Get SALT Encoding   

  12  0:00  Drone  
  13  0:12  Overlord  
  13  0:18  Drone  
  13  0:31  Drone x2  
  13  0:44  Drone  
  13  0:52  Hatchery  
  13  0:55  Drone  
  13  1:01  Drone  
  13  1:04  Extractor  
  13  1:09  Drone  
  13  1:19  Spawning Pool  
  13  1:21  Drone  
  13  1:28  Drone  
  13  1:39  Drone  
  13  1:50  Overlord  
  13  2:00  Drone  
  13  2:05  Queen  
  13  2:06  Queen  
  13  2:09  Metabolic Boost  
  13  2:18  Zergling x4  
  13  2:32  Drone x2  
  13  2:33  Drone x2  
  13  2:46  Queen  
  13  2:52  Overlord  
  13  2:53  Overlord  
  13  3:05  Hatchery  
  13  3:08  Drone x2  
  13  3:09  Drone  
  13  3:14  Drone  
  13  3:15  Drone  
  13  3:32  Zergling x6  
  13  3:33  Zergling x2  
  13  3:36  Overlord  
  13  3:38  Overlord  
  13  3:42  Drone  
  13  3:49  Evolution Chamber  
  13  3:50  Evolution Chamber, Drone  
  13  4:00  Zergling x4  
  13  4:01  Zergling x2  
  13  4:11  Drone x2  
  13  4:12  Extractor  
  13  4:22  Queen  
  13  4:23  Queen  
  13  4:25  Drone x2  
  13  4:26  Drone x6  
  13  4:33  Zerg Melee Weapons Level 1  
  13  4:37  Drone x3  
  13  5:16  Drone x3  
  13  5:17  Drone x2  
  13  5:18  Extractor  
  13  5:20  Extractor  
  13  5:21  Extractor  
  13  5:23  Extractor  
  13  5:27  Overlord x3  
  13  5:31  Drone x5  
  13  5:32  Drone  
  13  5:35  Zergling x4  
  13  5:36  Zergling x6  
  13  5:39  Zerg Missile Weapons Level 1  
  13  6:36  Hatchery  
  13  6:41  Hatchery  
  13  6:55  Drone x3  
  13  6:56  Drone x7  
  13  6:57  Drone x2  
  13  6:58  Overlord x3  
  13  7:18  Zergling x10  
  13  7:19  Zergling x20  
  13  8:15  Drone x9  
  13  8:16  Drone x4  
  13  8:31  Hatchery  
  13  8:34  Hatchery  
  13  8:37  Hatchery  
  13  8:40  Hatchery x2  
  13  8:49  Hatchery  
  13  8:55  Queen  
  13  8:58  Queen  
  13  9:28  Overlord x4  
  13  9:29  Overlord  
  13  9:31  Zergling x10  
  13  9:32  Zergling x4  
  13  9:33  Zerg Ground Armor Level 1  
  13  9:38  Drone  
  13  9:39  Drone x3  
  13  10:03  Drone x6  
  13  10:04  Drone x13  
  13  10:29  Roach Warren  
  13  10:32  Baneling Nest  
  13  10:35  Extractor, Spore Crawler x2  
  13  10:37  Spore Crawler  
  13  10:38  Extractor  
  13  10:40  Spore Crawler  
  13  10:41  Spore Crawler  
  13  10:52  Overlord x3  
  13  10:53  Overlord x2  
  13  11:53  Roach x2  
  13  11:54  Roach x3  
  13  12:00  Spine Crawler  
  13  12:02  Spine Crawler  
  13  12:23  Ravager  
  13  12:28  Ravager  
  13  12:38  Evolution Chamber  
  13  15:12  Baneling x4  
  13  15:14  Baneling x4  
  13  15:15  Baneling x5  
  13  15:16  Baneling x2  
  13  15:17  Baneling x3  
  13  15:19  Baneling  
  13  15:20  Baneling  
  13  19:58  Lair  
  13  21:12  Spine Crawler, Nydus Network  
  13  21:17  Hydralisk Den  
  13  21:23  Spire x2  
  13  21:36  Spire  
  13  21:37  Spire  
  13  21:38  Spine Crawler  
  13  22:19  Zerg Missile Weapons Level 2, Zerg Melee Weapons Level 2  
  13  22:20  Zerg Ground Armor Level 2  
  13  22:24  Centrifugal Hooks  
  13  23:11  Corruptor, Mutalisk  
  13  23:15  Zergling x4  
  13  24:21  Mutalisk  
  13  24:22  Mutalisk x2  
  13  24:23  Corruptor x3  
  13  26:33  Drone x5  
  13  26:39  Hydralisk Den  
  13  26:46  Hydralisk Den  
  13  27:17  Grooved Spines  
  13  27:18  Muscular Augments  
  13  28:12  Mutalisk x2  
  13  28:16  Mutalisk  
  13  28:20  Hydralisk x2  
  13  29:34  Infestation Pit  
  13  29:50  Glial Reconstitution  
  13  30:17  Infestor  
  13  30:18  Swarm Host x2, Infestor  
  13  30:35  Neural Parasite  
  13  30:45  Lurker Den  
  13  31:08  Tunneling Claws  
  13  32:01  Lurker  
  13  32:08  Lurker  
  13  32:10  Hydralisk x2  
  13  32:49  Zerg Flyer Armor Level 1  
  13  32:52  Zerg Flyer Weapons Level 1  
  13  37:25  Zerg Flyer Weapons Level 2  
  13  37:26  Zerg Flyer Armor Level 2  
  13  37:50  Hive  
  13  38:33  Overlord x2  
  13  38:34  Overlord x4  
  13  38:47  Overlord  
  13  38:48  Overlord  
  13  38:49  Overlord  
  13  38:50  Overlord  
  13  38:51  Drone  
  13  38:52  Overlord  
  13  38:54  Overlord  
  13  38:55  Overlord  
  13  38:57  Overlord  
  13  38:59  Overlord  
  13  39:00  Overlord  
  13  39:02  Overlord  
  13  39:03  Overlord  
  13  39:04  Overlord  
  13  39:05  Overlord  
  13  39:07  Overlord  
  13  39:09  Overlord  
  13  39:14  Overseer  
  13  39:15  Overseer x4  
  13  39:16  Overseer  
  13  39:28  Zerg Melee Weapons Level 3, Zerg Ground Armor Level 3, Zerg Missile Weapons Level 3  
  13  39:32  Adrenal Glands  
  13  40:39  Unknown  
  13  40:55  Spire  
  13  40:56  Zerg Flyer Weapons Level 3  
  13  40:57  Zerg Flyer Armor Level 3  
  13  41:13  Ultralisk Cavern  
  13  41:15  Ultralisk Cavern  
  13  41:29  Hydralisk  
  13  41:38  Hydralisk  
  13  41:43  Overseer  
  13  41:56  Nydus Network  
  13  42:04  Pneumatized Carapace  
  13  42:26  Overseer x6  
  13  43:29  Chitinous Plating  
  13  43:31  Anabolic Synthesis  
  13  43:38  Greater Spire  
  13  44:23  Overlord x17  
  13  44:24  Overlord x29  
  13  44:39  Overlord x45  
  13  44:49  Overlord x40  
  13  44:58  Overseer x45  
  13  45:00  Overlord x20  
  13  45:01  Overlord x19  
  13  45:03  Overlord x8  
  13  45:27  Overseer x2  
  13  45:28  Overseer x63  
  13  45:29  Overseer x13  
  13  45:40  Overlord x4  
  13  45:41  Overlord x39  
  13  45:47  Overseer x10  
Show
View Real Time Build Order
Export as new Build Order

Fabien Terran 

Build Orders:  

Get SALT Encoding   

Tags
 
League
Gold
Matchup
TvZ
Spawn Locations
Cross Positions
Add a new tag
Caveats
  • Supply blocks, unpowered buildings, or Contaminate may cause inaccurate times.
  • Supply counts are checked every 10 seconds.